Carnivores vs Senators
(R1)
Created - February 13, 2019 at 19:09
Goals
|
| Carnivores |
1 |
2 |
1 |
4 |
| Senators |
3 |
4 |
2 |
9 |
|
Shots
|
| Carnivores |
9 |
12 |
3 |
24 |
| Senators |
7 |
14 |
16 |
37 |
|
1st period
1. Carnivores , Blake Geoffrion 42 (Scott Laughton 20, Nate Schmidt 27) at 11:42 (PP)
2. Senators , Gabriel Bourque 33 (Stephane Da Costa 43) at 13:55 (PP)
3. Senators , Johannes Salmonsson 18 (Olli Maatta 13, Gabriel Bourque 48) at 16:54
4. Senators , Tommy Wingels 17 (Tomas Jurco 12, Arturs Kulda 23) at 17:58 (PP)
Penalties :
Mat Clark (Bre) for Interference (Minor) at 3:18, Markus Granlund (Bre) for Roughing (Minor) at 7:29, Scott Harrington (BIN) for Roughing (Double Minor) at 10:50, Scott Laughton (Bre) for Hooking (Minor) at 13:40, Gabriel Bourque (BIN) for Tripping (Minor) at 14:36, Scott Laughton (Bre) for High sticking (Minor) at 17:25, Nikita Alexeev (Bre) for Slashing (Minor) at 19:42
2nd period
5. Carnivores , Chris Lawrence 14 (Markus Granlund 22, Jeremy Welsh 24) at 10:54
6. Carnivores , Zack Smith 10 (Nicolas Kerdiles 13) at 14:11
7. Senators , Stephane Da Costa 34 (Gabriel Bourque 49, Matt Frattin 23) at 14:21
8. Senators , Nick Foligno 23 (Tomas Jurco 13, Scott Harrington 3) at 15:08
9. Senators , Matt Frattin 18 (Gabriel Bourque 50, Stephane Da Costa 44) at 16:20
10. Senators , Gabriel Bourque 34 (Arturs Kulda 24, Matt Frattin 24) at 19:13
Penalties :
Arturs Kulda (BIN) for High sticking (Minor) at 5:52, Chris Lawrence (Bre) for Hooking (Minor) at 19:55
3rd period
11. Senators , Stephane Da Costa 35 (Gabriel Bourque 51) at 0:04 (PP)
12. Senators , Matt Frattin 19 (Stephane Da Costa 45, Gabriel Bourque 52) at 14:55 (PP)
13. Carnivores , Nicolas Kerdiles 17 (Zack Smith 17) at 19:35
Penalties :
Gabriel Bourque (BIN) for Hooking (Minor) at 0:13, Scott Laughton (Bre) for High sticking (Minor) at 3:10, Markus Granlund (Bre) for Hooking (Minor) at 4:02, Scott Harrington (BIN) for Fighting (Major) at 10:50, David Schlemko (Bre) for Fighting (Major) at 10:50, David Schlemko (Bre) for instigated a fight (Minor) at 10:50, David Schlemko (Bre) for instigated a fight (10 Minutes Misconduct) at 10:50, Markus Granlund (Bre) for Hooking (Minor) at 14:43, Johannes Salmonsson (BIN) for Fighting (Major) at 16:09, Markus Granlund (Bre) for Fighting (Major) at 16:09, Johannes Salmonsson (BIN) for instigated a fight (Minor) at 16:09, Johannes Salmonsson (BIN) for instigated and being the aggresor in a fight (20 Minutes Game Misconduct) at 16:09
Goalie Stats
Niklas Svedberg (Bre), 21 saves from 25 shots - (0.840), 24:52 minutes
Tristan Jarry (Bre), 7 saves from 12 shots - (0.583), L, 2-8-0, 35:08 minutes
Brad Thiessen (BIN), 20 saves from 24 shots - (0.833), W, 14-15-5, 60:00 minutes
Players Stats for Carnivores
Player Name G A P +/- PIM S H SB GA TA FO MP PP MP PK MP
------------------------------------------------------------------------------------
Adam Almquist 0 0 0 -1 0 0 0 0 0 0 0/0 9:27 0:00 1:14
Blake Geoffrion 1 0 1 -2 0 4 4 1 1 0 0/0 19:54 5:25 0:24
Chris Lawrence 1 0 1 -1 2 6 3 1 0 1 0/2 17:31 0:43 6:19
Curtis Lazar 0 0 0 0 0 0 0 0 0 0 0/0 2:20 1:09 0:00
David Fischer 0 0 0 -2 0 1 4 4 0 0 0/0 29:37 5:54 7:36
David Schlemko 0 0 0 -2 17 0 0 1 0 0 0/0 10:51 0:00 3:05
Elias Lindholm 0 0 0 0 0 0 1 0 0 1 3/4 4:42 0:00 0:00
Hunter Shinkaruk 0 0 0 0 0 0 0 0 0 0 0/1 7:28 0:19 1:04
Jeremy Welsh 0 1 1 -1 0 1 2 1 0 1 1/1 14:18 4:30 0:00
Jeremy Williams 0 0 0 0 0 3 2 0 0 0 1/1 12:08 4:30 2:54
Mark McNeill 0 0 0 1 0 0 0 0 0 0 2/4 10:44 0:00 2:17
Markus Granlund 0 1 1 -1 11 0 1 1 0 2 5/15 15:11 3:43 1:16
Mat Clark 0 0 0 1 2 1 0 0 0 0 0/0 21:18 4:52 3:14
Mattias Backman 0 0 0 2 0 0 0 1 0 0 0/0 13:02 0:00 0:37
Nate Schmidt 0 1 1 -2 0 1 2 2 0 1 0/0 28:57 5:54 7:50
Nicolas Kerdiles 1 1 2 1 0 1 0 1 0 0 0/0 10:50 1:01 2:47
Nikita Alexeev 0 0 0 -2 2 2 1 2 2 0 2/3 19:31 5:25 0:00
Ryan Pulock 0 0 0 0 0 1 0 0 0 0 0/0 6:53 4:52 0:14
Scott Laughton 0 1 1 -2 6 1 5 1 1 2 23/45 24:16 5:24 5:19
Zack Smith 1 1 2 1 0 2 2 0 3 0 1/2 7:48 0:08 0:22
Players Stats for Senators
Player Name G A P +/- PIM S H SB GA TA FO MP PP MP PK MP
------------------------------------------------------------------------------------
Andy Andreoff 0 0 0 0 0 4 0 0 0 0 0/0 7:41 0:22 2:04
Arturs Kulda 0 2 2 3 2 4 2 1 3 1 0/0 31:02 7:16 5:40
Blake Coleman 0 0 0 0 0 0 0 0 0 0 1/2 3:38 0:00 3:37
Brett Bulmer 0 0 0 0 0 0 0 0 0 0 0/0 1:03 0:54 0:00
Chandler Stephenson 0 0 0 0 0 0 1 0 0 0 1/5 5:15 0:00 0:00
Dylan Blujus 0 0 0 -3 0 0 0 0 0 0 0/0 8:49 0:37 0:17
Gabriel Bourque 2 5 7 3 4 7 0 1 1 1 2/2 23:58 5:38 4:00
Grant Besse 0 0 0 0 0 1 0 0 0 1 0/0 6:29 0:49 0:00
Johannes Salmonsson 1 0 1 0 27 2 1 0 0 0 0/0 8:36 0:00 2:12
Keegan Lowe 0 0 0 -3 0 0 0 0 0 1 0/0 9:03 0:00 1:18
Mason Geertsen 0 0 0 0 0 0 1 0 0 0 0/0 2:39 0:13 0:17
Matt Frattin 2 2 4 2 0 5 0 0 0 2 0/0 18:59 5:27 0:00
Nick Foligno 1 0 1 2 0 5 5 1 1 0 0/0 18:38 5:10 2:14
Olli Maatta 0 1 1 3 0 1 4 1 0 0 0/0 29:46 7:16 6:16
Phil Di Giuseppe 0 0 0 -1 0 0 0 0 0 0 0/0 1:41 0:47 0:00
Samuel Morin 0 0 0 2 0 0 0 1 0 0 0/0 20:35 4:39 4:13
Scott Harrington 0 1 1 2 9 0 0 0 0 0 0/0 18:21 4:03 3:31
Sebastian Wannstrom 0 0 0 -2 0 0 0 0 0 0 1/1 6:42 0:00 0:00
Stephane Da Costa 2 3 5 2 0 5 3 2 2 1 21/46 26:03 5:42 6:22
Tomas Jurco 0 2 2 1 0 1 0 0 0 0 3/3 16:01 5:10 0:00
Tommy Wingels 1 0 1 1 0 2 3 0 1 0 9/15 16:01 5:10 0:00
Zemgus Girgensons 0 0 0 -2 0 0 2 0 0 0 2/4 8:07 0:22 1:03
3 Stars
1 - Gabriel Bourque (BIN)
2 - Stephane Da Costa (BIN)
3 - Matt Frattin (BIN)
Power Play
Carnivores - 1 on 6 Attempt(s) - 16.67%
Senators - 4 on 10 Attempt(s) - 40.00%
Penalty Kill
Carnivores - 6 on 10 Attempt(s) - 60.00%
- Score 0 goal in Penalty Kill
Senators - 5 on 6 Attempt(s) - 83.33%
- Score 0 goal in Penalty Kill
Team Stat
Carnivores - Hits : 27 - Faceoff Wins : 38 - Blocked Shots : 16 - Penalty Minutes : 40
Senators - Hits : 22 - Faceoff Wins : 40 - Blocked Shots : 7 - Penalty Minutes : 42
Official
Referees : Unknown
Linesman : Unknown
Game Notes
Niklas Svedberg enters game at 15:08 of 2nd period
David Schlemko beats up Scott Harrington at 10:50 of 3rd period
Johannes Salmonsson beats up Markus Granlund at 16:09 of 3rd period
Johannes Salmonsson ejected from game at 16:09 of 3rd period
Johannes Salmonsson from Senators is suspended for 2 game(s)
Finance
Level 1 -- Attendance: 1437 (71.85%) -- Ticket Income $47,421
Level 2 -- Attendance: 664 (66.40%) -- Ticket Income $9,960
Total Attendance: 2101 (70.03%)
Total Ticket Income: $57,381
Other Income: $2,869
Total Income: $60,250
Carnivores
5 vs 5 Forward
Center Left Wing Right Wing Time % Phy DF OF
1 Scott Laughton Blake Geoffrion Nikita Alexeev 40 1 2 2
2 Markus Granlund Jeremy Welsh Chris Lawrence 30 1 2 2
3 Zack Smith Nicolas Kerdiles Mark McNeill 20 1 2 2
4 Elias Lindholm Hunter Shinkaruk Jeremy Williams 10 1 2 2
5 vs 5 Defense
Defense Defense Time % Phy DF OF
1 David Fischer Nate Schmidt 40 1 2 2
2 Mattias Backman Mat Clark 30 1 2 2
3 Adam Almquist David Schlemko 20 1 2 2
4 David Fischer Ryan Pulock 10 1 2 2
PowerPlay Forward
Center Left Wing Right Wing Time % Phy DF OF
1 Scott Laughton Blake Geoffrion Nikita Alexeev 60 1 2 2
2 Markus Granlund Jeremy Welsh Jeremy Williams 40 1 2 2
PowerPlay Defense
Defense Defense Time % Phy DF OF
1 David Fischer Nate Schmidt 60 1 2 2
2 Ryan Pulock Mat Clark 40 1 2 2
Penalty Kill 4 Players Forward
Center Wing Time % Phy DF OF
1 Scott Laughton Chris Lawrence 60 1 2 2
2 Jeremy Williams Nicolas Kerdiles 40 1 2 2
Penalty Kill 4 Players Defense
Defense Defense Time % Phy DF OF
1 David Fischer Nate Schmidt 60 1 2 2
2 David Schlemko Mat Clark 40 1 2 2
Penalty Kill - 3 Players Forward
Forward Time % Phy DF OF
1 Scott Laughton 60 1 2 2
2 Chris Lawrence 40 1 2 2
Penalty Kill - 3 Players Defense
Defense Defense Time % Phy DF OF
1 David Fischer Nate Schmidt 60 1 2 2
2 David Schlemko Mat Clark 40 1 2 2
4 vs 4 Forward
Center Wing Time % Phy DF OF
1 Markus Granlund Blake Geoffrion 60 1 2 2
2 Scott Laughton Nicolas Kerdiles 40 1 2 2
4 vs 4 Defense
Defense Defense Time % Phy DF OF
1 Ryan Pulock Nate Schmidt 60 1 2 2
2 Mattias Backman Mat Clark 40 1 2 2
Last Minutes Offensive
Center Left Wing Right Wing Defense Defense
Scott Laughton Blake Geoffrion Jeremy Williams Ryan Pulock Nate Schmidt
Last Minutes Defensive
Center Left Wing Right Wing Defense Defense
Zack Smith Blake Geoffrion Jeremy Williams David Fischer Nate Schmidt
Goaltenders
Starting : Tristan Jarry
Backup : Niklas Svedberg
Extra Forwards
Normal : Curtis Lazar, Markus Granlund, Nicolas Kerdiles - PP : Curtis Lazar, Nicolas Kerdiles - PK : Mark McNeill
Extra Defensemen
Normal : Mattias Backman, Mat Clark, Adam Almquist - PP : Mattias Backman - PK : Mattias Backman, Adam Almquist
Penalty Shots
Blake Geoffrion, Scott Laughton, Curtis Lazar, Hunter Shinkaruk, Zack Smith
Scratches
Stanislav Galiev (Healthy), Mark MacMillan (Healthy), Tyler Graovac (Healthy), Sasha Pokulok (Lacerated Left Calf Injury), Troy Bourke (Healthy)
Alexandre Mallet (Healthy), Michael Schumacher (Healthy), T.J Brodie (Sprained Right Knee Injury), Anders Lindback (Healthy)
Senators
5 vs 5 Forward
Center Left Wing Right Wing Time % Phy DF OF
1 Stephane Da Costa Gabriel Bourque Matt Frattin 40 1 2 2
2 Tommy Wingels Nick Foligno Tomas Jurco 30 1 2 2
3 Zemgus Girgensons Johannes Salmonsson Sebastian Wannstrom 20 1 2 2
4 Chandler Stephenson Andy Andreoff Grant Besse 10 1 2 2
5 vs 5 Defense
Defense Defense Time % Phy DF OF
1 Arturs Kulda Olli Maatta 40 1 2 2
2 Samuel Morin Scott Harrington 30 1 2 2
3 Dylan Blujus Keegan Lowe 20 1 2 2
4 Mason Geertsen Arturs Kulda 10 1 2 2
PowerPlay Forward
Center Left Wing Right Wing Time % Phy DF OF
1 Stephane Da Costa Gabriel Bourque Matt Frattin 60 1 2 2
2 Tommy Wingels Nick Foligno Tomas Jurco 40 1 2 2
PowerPlay Defense
Defense Defense Time % Phy DF OF
1 Arturs Kulda Olli Maatta 60 1 2 2
2 Samuel Morin Scott Harrington 40 1 2 2
Penalty Kill 4 Players Forward
Center Wing Time % Phy DF OF
1 Stephane Da Costa Gabriel Bourque 60 1 2 2
2 Nick Foligno Johannes Salmonsson 40 1 2 2
Penalty Kill 4 Players Defense
Defense Defense Time % Phy DF OF
1 Arturs Kulda Olli Maatta 60 1 2 2
2 Samuel Morin Scott Harrington 40 1 2 2
Penalty Kill - 3 Players Forward
Forward Time % Phy DF OF
1 Stephane Da Costa 60 1 2 2
2 Gabriel Bourque 40 1 2 2
Penalty Kill - 3 Players Defense
Defense Defense Time % Phy DF OF
1 Arturs Kulda Olli Maatta 60 1 2 2
2 Samuel Morin Scott Harrington 40 1 2 2
4 vs 4 Forward
Center Wing Time % Phy DF OF
1 Stephane Da Costa Gabriel Bourque 60 1 2 2
2 Nick Foligno Johannes Salmonsson 40 1 2 2
4 vs 4 Defense
Defense Defense Time % Phy DF OF
1 Arturs Kulda Olli Maatta 60 1 2 2
2 Samuel Morin Scott Harrington 40 1 2 2
Last Minutes Offensive
Center Left Wing Right Wing Defense Defense
Stephane Da Costa Gabriel Bourque Matt Frattin Arturs Kulda Olli Maatta
Last Minutes Defensive
Center Left Wing Right Wing Defense Defense
Stephane Da Costa Gabriel Bourque Matt Frattin Arturs Kulda Olli Maatta
Goaltenders
Starting : Brad Thiessen
Backup : Ben Bishop
Extra Forwards
Normal : Phil Di Giuseppe, Brett Bulmer, Blake Coleman - PP : Phil Di Giuseppe, Brett Bulmer - PK : Blake Coleman
Extra Defensemen
Normal : Dylan Blujus, Keegan Lowe, Mason Geertsen - PP : Dylan Blujus - PK : Keegan Lowe, Mason Geertsen
Penalty Shots
Stephane Da Costa, Gabriel Bourque, Nick Foligno, Johannes Salmonsson, Matt Frattin
Scratches
None
% Time on Ice - Carnivores
Lines # - Real PCT - Wanted PCT - Time Play
Normal Forward
1 - 41% - 40% - 15:12
2 - 27% - 30% - 10:09
3 - 19% - 20% - 7:15
4 - 13% - 10% - 4:42
Normal Defense
1 - 41% - 40% - 15:12
2 - 36% - 30% - 13:17
3 - 21% - 20% - 7:45
4 - 3% - 10% - 1:04
PP Forward
1 - 55% - 60% - 5:57
2 - 45% - 40% - 4:49
PP Defense
1 - 55% - 60% - 5:54
2 - 45% - 40% - 4:52
PK Forward
1 - 73% - 60% - 7:54
2 - 27% - 40% - 2:54
PK Defense
1 - 65% - 60% - 7:03
2 - 35% - 40% - 3:45
PK3 Forward
1 - 100% - 60% - 1:07
2 - 0% - 40% - 0:00
PK3 Defense
1 - 70% - 60% - 0:47
2 - 30% - 40% - 0:20
44 Forward
1 - 100% - 60% - 0:01
2 - 0% - 40% - 0:00
44 Defense
1 - 100% - 60% - 0:01
2 - 0% - 40% - 0:00
Last Minute Offensive - 0:00
Last Minute Defensive - 0:00
Total
Forward - 60:00
Defense - 60:00
|
% Time on Ice - Senators
Lines # - Real PCT - Wanted PCT - Time Play
Normal Forward
1 - 38% - 40% - 14:07
2 - 30% - 30% - 11:14
3 - 18% - 20% - 6:42
4 - 14% - 10% - 5:15
Normal Defense
1 - 44% - 40% - 16:32
2 - 31% - 30% - 11:43
3 - 19% - 20% - 7:14
4 - 5% - 10% - 1:49
PP Forward
1 - 53% - 60% - 6:16
2 - 47% - 40% - 5:39
PP Defense
1 - 61% - 60% - 7:16
2 - 39% - 40% - 4:39
PK Forward
1 - 75% - 60% - 8:05
2 - 25% - 40% - 2:41
PK Defense
1 - 61% - 60% - 6:33
2 - 39% - 40% - 4:13
PK3 Forward
1 - 0% - 60%
2 - 0% - 40%
PK3 Defense
1 - 0% - 60%
2 - 0% - 40%
44 Forward
1 - 100% - 60% - 0:01
2 - 0% - 40% - 0:00
44 Defense
1 - 100% - 60% - 0:01
2 - 0% - 40% - 0:00
Last Minute Offensive - 0:00
Last Minute Defensive - 0:00
Total
Forward - 60:00
Defense - 60:00
|
Play-by-Play
1st period
0:01 of 1st period - Stephane Da Costa wins face-off versus Scott Laughton in neutral zone.
0:08 of 1st period - Arturs Kulda is hit by Scott Laughton and loses puck.
0:25 of 1st period - Blake Geoffrion is hit by Zemgus Girgensons and loses puck.
0:38 of 1st period - Slapshot by Blake Geoffrion.
0:38 of 1st period - Stopped by Brad Thiessen with a rebound.
0:49 of 1st period - Icing by David Fischer.
0:50 of 1st period - Scott Laughton wins face-off versus Tommy Wingels in Carnivores zone.
0:57 of 1st period - Snap shot by Scott Laughton.
0:57 of 1st period - Deflect By Nikita Alexeev.
0:57 of 1st period - Shot Misses the Net.
0:57 of 1st period - Puck is out of play.
0:58 of 1st period - Markus Granlund wins face-off versus Chandler Stephenson in Senators zone.
1:34 of 1st period - Slapshot by Matt Frattin.
1:34 of 1st period - Stopped by Tristan Jarry with a rebound.
2:35 of 1st period - Snap shot by Zack Smith.
2:35 of 1st period - Shot Blocked by Stephane Da Costa.
3:18 of 1st period - Minor Penalty to Mat Clark for Interference.
3:19 of 1st period - Scott Laughton wins face-off versus Tommy Wingels in Carnivores zone.
3:22 of 1st period - Off-side.
3:23 of 1st period - Tommy Wingels wins face-off versus Chris Lawrence in neutral zone.
5:18 of 1st period - Penalty to Mat Clark is over, Mat Clark is back on ice.
5:53 of 1st period - Icing by Scott Laughton.
5:54 of 1st period - Scott Laughton wins face-off versus Zemgus Girgensons in Carnivores zone.
5:59 of 1st period - Arturs Kulda is hit by Elias Lindholm.
6:25 of 1st period - Adam Almquist is hit by Nick Foligno and loses puck.
6:44 of 1st period - Wrist shot by Chris Lawrence.
6:44 of 1st period - Stopped by Brad Thiessen without a rebound.
6:45 of 1st period - Stephane Da Costa wins face-off versus Hunter Shinkaruk in Senators zone.
7:00 of 1st period - Snap shot by Stephane Da Costa.
7:00 of 1st period - Shot Blocked by Nate Schmidt.
7:23 of 1st period - Backhand shot by Nick Foligno.
7:23 of 1st period - Shot Blocked by David Fischer.
7:29 of 1st period - Minor Penalty to Markus Granlund for Roughing.
7:30 of 1st period - Scott Laughton wins face-off versus Stephane Da Costa in Carnivores zone.
7:55 of 1st period - Tomas Jurco is hit by Jeremy Williams and loses puck.
8:38 of 1st period - Gabriel Bourque is hit by Chris Lawrence and loses puck.
8:55 of 1st period - Scott Harrington is hit by Nate Schmidt and loses puck.
9:02 of 1st period - Nate Schmidt is hit by Tommy Wingels and loses puck.
9:29 of 1st period - Penalty to Markus Granlund is over, Markus Granlund is back on ice.
10:12 of 1st period - Off-side.
10:13 of 1st period - Tommy Wingels wins face-off versus Scott Laughton in neutral zone.
10:24 of 1st period - Arturs Kulda is hit by Scott Laughton and loses puck.
10:37 of 1st period - Slapshot by Markus Granlund.
10:37 of 1st period - Deflect By Chris Lawrence.
10:37 of 1st period - Deflect By Tomas Jurco.
10:37 of 1st period - Stopped by Brad Thiessen without a rebound.
10:38 of 1st period - Markus Granlund wins face-off versus Stephane Da Costa in Senators zone.
10:45 of 1st period - Snap shot by Chris Lawrence.
10:45 of 1st period - Stopped by Brad Thiessen with a rebound.
10:50 of 1st period - Double Minor Penalty to Scott Harrington for Roughing.
10:51 of 1st period - Stephane Da Costa wins face-off versus Scott Laughton in Senators zone.
11:03 of 1st period - Wrist shot by Nikita Alexeev.
11:03 of 1st period - Stopped by Brad Thiessen without a rebound.
11:04 of 1st period - Scott Laughton wins face-off versus Stephane Da Costa in Senators zone.
11:19 of 1st period - Wrist shot by Blake Geoffrion.
11:19 of 1st period - Deflect By Arturs Kulda.
11:19 of 1st period - Shot Misses the Net.
11:19 of 1st period - Puck is out of play.
11:20 of 1st period - Scott Laughton wins face-off versus Stephane Da Costa in Senators zone.
11:25 of 1st period - Wrist shot by Blake Geoffrion.
11:25 of 1st period - Shot Blocked by Arturs Kulda.
11:27 of 1st period - Wrist shot by Scott Laughton.
11:27 of 1st period - Shot Blocked by Gabriel Bourque.
11:29 of 1st period - Snap shot by Nate Schmidt.
11:29 of 1st period - Stopped by Brad Thiessen without a rebound.
11:30 of 1st period - Stephane Da Costa wins face-off versus Nikita Alexeev in Senators zone.
11:30 of 1st period - Stephane Da Costa is hit by David Fischer.
11:42 of 1st period - Slapshot by Blake Geoffrion.
11:42 of 1st period - Goal by Blake Geoffrion - Carnivores : 1 - Senators : 0.
11:43 of 1st period - Scott Laughton wins face-off versus Stephane Da Costa in neutral zone.
12:08 of 1st period - Nate Schmidt is hit by Nick Foligno and loses puck.
13:06 of 1st period - Slapshot by Arturs Kulda.
13:06 of 1st period - Deflect By Andy Andreoff.
13:06 of 1st period - Deflect By David Fischer.
13:06 of 1st period - Shot Misses the Net.
13:06 of 1st period - Puck is out of play.
13:07 of 1st period - Blake Coleman wins face-off versus Markus Granlund in Carnivores zone.
13:12 of 1st period - Slapshot by Arturs Kulda.
13:12 of 1st period - Stopped by Tristan Jarry without a rebound.
13:13 of 1st period - Scott Laughton wins face-off versus Stephane Da Costa in Carnivores zone.
13:24 of 1st period - Wrist shot by Scott Laughton.
13:24 of 1st period - Stopped by Brad Thiessen without a rebound.
13:25 of 1st period - Stephane Da Costa wins face-off versus Scott Laughton in Senators zone.
13:25 of 1st period - Stephane Da Costa is hit by Scott Laughton.
13:40 of 1st period - Minor Penalty to Scott Laughton for Hooking.
13:41 of 1st period - Stephane Da Costa wins face-off versus Markus Granlund in Carnivores zone.
13:42 of 1st period - Penalty to Scott Harrington is over, Scott Harrington is back on ice.
13:55 of 1st period - Snap shot by Gabriel Bourque.
13:55 of 1st period - Goal by Gabriel Bourque - Carnivores : 1 - Senators : 1.
13:56 of 1st period - Tommy Wingels wins face-off versus Scott Laughton in neutral zone.
14:01 of 1st period - Snap shot by Tommy Wingels.
14:01 of 1st period - Shot Blocked by Blake Geoffrion.
14:36 of 1st period - Minor Penalty to Gabriel Bourque for Tripping.
14:37 of 1st period - Scott Laughton wins face-off versus Stephane Da Costa in Senators zone.
14:44 of 1st period - Snap shot by Blake Geoffrion.
14:44 of 1st period - Shot Blocked by Samuel Morin.
14:46 of 1st period - Backhand shot by Nikita Alexeev.
14:46 of 1st period - Shot Misses the Net.
14:48 of 1st period - Wrist shot by Blake Geoffrion.
14:48 of 1st period - Stopped by Brad Thiessen without a rebound.
14:49 of 1st period - Scott Laughton wins face-off versus Stephane Da Costa in Senators zone.
15:43 of 1st period - Samuel Morin is hit by Jeremy Welsh and loses puck.
16:35 of 1st period - Olli Maatta is hit by Blake Geoffrion and loses puck.
16:36 of 1st period - Penalty to Gabriel Bourque is over, Gabriel Bourque is back on ice.
16:50 of 1st period - Slapshot by Olli Maatta.
16:50 of 1st period - Shot Blocked by Nate Schmidt.
16:52 of 1st period - Wrist shot by Johannes Salmonsson.
16:52 of 1st period - Shot Misses the Net.
16:54 of 1st period - Wrist shot by Johannes Salmonsson.
16:54 of 1st period - Goal by Johannes Salmonsson - Carnivores : 1 - Senators : 2.
16:55 of 1st period - Stephane Da Costa wins face-off versus Markus Granlund in neutral zone.
17:10 of 1st period - Snap shot by Stephane Da Costa.
17:10 of 1st period - Shot Blocked by David Schlemko.
17:20 of 1st period - Backhand shot by Johannes Salmonsson.
17:20 of 1st period - Stopped by Tristan Jarry without a rebound.
17:21 of 1st period - Zemgus Girgensons wins face-off versus Scott Laughton in Carnivores zone.
17:25 of 1st period - Minor Penalty to Scott Laughton for High sticking.
17:26 of 1st period - Mark McNeill wins face-off versus Stephane Da Costa in Carnivores zone.
17:26 of 1st period - Mark McNeill is hit by Olli Maatta.
17:51 of 1st period - Nate Schmidt is hit by Tommy Wingels and loses puck.
17:58 of 1st period - Wrist shot by Tommy Wingels.
17:58 of 1st period - Deflect By Nate Schmidt.
17:58 of 1st period - Goal by Tommy Wingels - Carnivores : 1 - Senators : 3.
17:59 of 1st period - Stephane Da Costa wins face-off versus Scott Laughton in neutral zone.
18:38 of 1st period - Scott Harrington is hit by Nate Schmidt and loses puck.
19:13 of 1st period - Wrist shot by Matt Frattin.
19:13 of 1st period - Deflect By Stephane Da Costa.
19:13 of 1st period - Stopped by Tristan Jarry with a rebound.
19:27 of 1st period - Snap shot by Gabriel Bourque.
19:27 of 1st period - Deflect By Matt Frattin.
19:27 of 1st period - Shot Blocked by Scott Laughton.
19:27 of 1st period - Puck is out of play.
19:28 of 1st period - Tommy Wingels wins face-off versus Scott Laughton in Carnivores zone.
19:42 of 1st period - Minor Penalty to Nikita Alexeev for Slashing.
19:43 of 1st period - Tommy Wingels wins face-off versus Scott Laughton in Carnivores zone.
Goals for this period are 1 for Carnivores vs 3 for Senators.
Shots for this period are 9 for Carnivores vs 7 for Senators.
2nd period
0:01 of 2nd period - Stephane Da Costa wins face-off versus Scott Laughton in neutral zone.
0:54 of 2nd period - Wrist shot by Tomas Jurco.
0:54 of 2nd period - Shot Misses the Net.
1:21 of 2nd period - Scott Laughton is hit by Tommy Wingels and loses puck.
1:42 of 2nd period - Penalty to Nikita Alexeev is over, Nikita Alexeev is back on ice.
1:57 of 2nd period - Wrist shot by Zemgus Girgensons.
1:57 of 2nd period - Shot Misses the Net.
2:05 of 2nd period - Backhand shot by Zack Smith.
2:05 of 2nd period - Shot Misses the Net.
2:07 of 2nd period - Snap shot by Zack Smith.
2:07 of 2nd period - Stopped by Brad Thiessen with a rebound.
3:16 of 2nd period - Icing by Nikita Alexeev.
3:17 of 2nd period - Zack Smith wins face-off versus Chandler Stephenson in Carnivores zone.
3:17 of 2nd period - Zack Smith is hit by Chandler Stephenson.
4:10 of 2nd period - Wrist shot by Jeremy Williams.
4:10 of 2nd period - Stopped by Brad Thiessen without a rebound.
4:11 of 2nd period - Tommy Wingels wins face-off versus Scott Laughton in Senators zone.
4:16 of 2nd period - Snap shot by Nick Foligno.
4:16 of 2nd period - Stopped by Tristan Jarry without a rebound.
4:17 of 2nd period - Scott Laughton wins face-off versus Tommy Wingels in Carnivores zone.
4:26 of 2nd period - Slapshot by Blake Geoffrion.
4:26 of 2nd period - Stopped by Brad Thiessen without a rebound.
4:27 of 2nd period - Tommy Wingels wins face-off versus Scott Laughton in Senators zone.
4:32 of 2nd period - Snap shot by Nick Foligno.
4:32 of 2nd period - Shot Misses the Net.
4:48 of 2nd period - Blake Geoffrion is hit by Olli Maatta and loses puck.
5:03 of 2nd period - Snap shot by Nick Foligno.
5:03 of 2nd period - Stopped by Tristan Jarry with a rebound.
5:05 of 2nd period - Snap shot by Olli Maatta.
5:05 of 2nd period - Shot Misses the Net.
5:07 of 2nd period - Wrist shot by Tomas Jurco.
5:07 of 2nd period - Shot Misses the Net.
5:52 of 2nd period - Minor Penalty to Arturs Kulda for High sticking.
5:53 of 2nd period - Jeremy Williams wins face-off versus Stephane Da Costa in Senators zone.
6:01 of 2nd period - Snap shot by Markus Granlund.
6:01 of 2nd period - Shot Blocked by Stephane Da Costa.
6:03 of 2nd period - Snap shot by Jeremy Williams.
6:03 of 2nd period - Stopped by Brad Thiessen with a rebound.
6:05 of 2nd period - Slapshot by Ryan Pulock.
6:05 of 2nd period - Stopped by Brad Thiessen with a rebound.
6:38 of 2nd period - Scott Harrington is hit by Jeremy Welsh and loses puck.
6:50 of 2nd period - Blake Coleman is hit by Markus Granlund and loses puck.
7:11 of 2nd period - Zemgus Girgensons is hit by Scott Laughton and loses puck.
7:50 of 2nd period - Johannes Salmonsson is hit by David Fischer and loses puck.
7:52 of 2nd period - Penalty to Arturs Kulda is over, Arturs Kulda is back on ice.
8:31 of 2nd period - David Schlemko is hit by Mason Geertsen.
8:53 of 2nd period - Wrist shot by Andy Andreoff.
8:53 of 2nd period - Stopped by Tristan Jarry with a rebound.
9:17 of 2nd period - Icing by Tommy Wingels.
9:18 of 2nd period - Tomas Jurco wins face-off versus Chris Lawrence in Senators zone.
9:38 of 2nd period - Stephane Da Costa is hit by Blake Geoffrion and loses puck.
10:22 of 2nd period - Snap shot by Jeremy Williams.
10:22 of 2nd period - Stopped by Brad Thiessen with a rebound.
10:36 of 2nd period - Wrist shot by Jeremy Welsh.
10:36 of 2nd period - Shot Misses the Net.
10:38 of 2nd period - Slapshot by Mat Clark.
10:38 of 2nd period - Stopped by Brad Thiessen without a rebound.
10:39 of 2nd period - Markus Granlund wins face-off versus Stephane Da Costa in Senators zone.
10:54 of 2nd period - Wrist shot by Chris Lawrence.
10:54 of 2nd period - Goal by Chris Lawrence - Carnivores : 2 - Senators : 3.
10:55 of 2nd period - Scott Laughton wins face-off versus Stephane Da Costa in neutral zone.
11:30 of 2nd period - Wrist shot by Chris Lawrence.
11:30 of 2nd period - Shot Misses the Net.
11:36 of 2nd period - Tomas Jurco is hit by David Fischer and loses puck.
13:17 of 2nd period - Snap shot by Sebastian Wannstrom.
13:17 of 2nd period - Deflect By Zemgus Girgensons.
13:17 of 2nd period - Shot Blocked by Mattias Backman.
13:17 of 2nd period - Puck is out of play.
13:18 of 2nd period - Stephane Da Costa wins face-off versus Scott Laughton in Carnivores zone.
13:54 of 2nd period - Wrist shot by Nick Foligno.
13:54 of 2nd period - Shot Misses the Net.
14:04 of 2nd period - Sebastian Wannstrom is hit by Zack Smith and loses puck.
14:11 of 2nd period - Slapshot by Zack Smith.
14:11 of 2nd period - Goal by Zack Smith - Carnivores : 3 - Senators : 3.
14:12 of 2nd period - Gabriel Bourque wins face-off versus Scott Laughton in neutral zone.
14:21 of 2nd period - Slapshot by Gabriel Bourque.
14:21 of 2nd period - Deflect By Stephane Da Costa.
14:21 of 2nd period - Goal by Stephane Da Costa - Carnivores : 3 - Senators : 4.
14:22 of 2nd period - Stephane Da Costa wins face-off versus Scott Laughton in neutral zone.
14:52 of 2nd period - Wrist shot by Chris Lawrence.
14:52 of 2nd period - Stopped by Brad Thiessen without a rebound.
14:53 of 2nd period - Tomas Jurco wins face-off versus Markus Granlund in Senators zone.
15:08 of 2nd period - Slapshot by Nick Foligno.
15:08 of 2nd period - Goal by Nick Foligno - Carnivores : 3 - Senators : 5.
15:08 of 2nd period - Niklas Svedberg enters game.
15:09 of 2nd period - Nikita Alexeev wins face-off versus Stephane Da Costa in neutral zone.
15:42 of 2nd period - Icing by Arturs Kulda.
15:43 of 2nd period - Tommy Wingels wins face-off versus Markus Granlund in Senators zone.
15:43 of 2nd period - Tommy Wingels is hit by Chris Lawrence.
16:04 of 2nd period - Backhand shot by Tommy Wingels.
16:04 of 2nd period - Shot Blocked by Markus Granlund.
16:06 of 2nd period - Wrist shot by Nick Foligno.
16:06 of 2nd period - Shot Misses the Net.
16:08 of 2nd period - Snap shot by Tommy Wingels.
16:08 of 2nd period - Stopped by Niklas Svedberg with a rebound.
16:10 of 2nd period - Slapshot by Tomas Jurco.
16:10 of 2nd period - Stopped by Niklas Svedberg with a rebound.
16:14 of 2nd period - Snap shot by Nick Foligno.
16:14 of 2nd period - Shot Misses the Net.
16:16 of 2nd period - Snap shot by Olli Maatta.
16:16 of 2nd period - Stopped by Niklas Svedberg without a rebound.
16:17 of 2nd period - Scott Laughton wins face-off versus Stephane Da Costa in Carnivores zone.
16:20 of 2nd period - Snap shot by Gabriel Bourque.
16:20 of 2nd period - Deflect By Matt Frattin.
16:20 of 2nd period - Goal by Matt Frattin - Carnivores : 3 - Senators : 6.
16:21 of 2nd period - Nikita Alexeev wins face-off versus Stephane Da Costa in neutral zone.
16:30 of 2nd period - Slapshot by Nikita Alexeev.
16:30 of 2nd period - Shot Misses the Net.
16:36 of 2nd period - Scott Harrington is hit by Nikita Alexeev and loses puck.
16:54 of 2nd period - Snap shot by Jeremy Welsh.
16:54 of 2nd period - Stopped by Brad Thiessen without a rebound.
16:55 of 2nd period - Zemgus Girgensons wins face-off versus Markus Granlund in Senators zone.
17:47 of 2nd period - Blake Geoffrion is hit by Stephane Da Costa.
17:51 of 2nd period - Gabriel Bourque is hit by Scott Laughton and loses puck.
18:06 of 2nd period - Slapshot by Matt Frattin.
18:06 of 2nd period - Stopped by Niklas Svedberg with a rebound.
18:08 of 2nd period - Wrist shot by Andy Andreoff.
18:08 of 2nd period - Stopped by Niklas Svedberg without a rebound.
18:09 of 2nd period - Elias Lindholm wins face-off versus Chandler Stephenson in Carnivores zone.
18:31 of 2nd period - Icing by Mat Clark.
18:32 of 2nd period - Elias Lindholm wins face-off versus Tommy Wingels in Carnivores zone.
18:42 of 2nd period - Snap shot by Nikita Alexeev.
18:42 of 2nd period - Shot Misses the Net.
18:57 of 2nd period - Icing by Scott Harrington.
18:58 of 2nd period - Markus Granlund wins face-off versus Stephane Da Costa in Senators zone.
18:59 of 2nd period - Snap shot by Chris Lawrence.
18:59 of 2nd period - Stopped by Brad Thiessen without a rebound.
19:00 of 2nd period - Stephane Da Costa wins face-off versus Markus Granlund in Senators zone.
19:07 of 2nd period - Wrist shot by Gabriel Bourque.
19:07 of 2nd period - Shot Misses the Net.
19:09 of 2nd period - Wrist shot by Matt Frattin.
19:09 of 2nd period - Stopped by Niklas Svedberg with a rebound.
19:11 of 2nd period - Slapshot by Arturs Kulda.
19:11 of 2nd period - Deflect By Gabriel Bourque.
19:11 of 2nd period - Stopped by Niklas Svedberg with a rebound.
19:13 of 2nd period - Wrist shot by Gabriel Bourque.
19:13 of 2nd period - Goal by Gabriel Bourque - Carnivores : 3 - Senators : 7.
19:14 of 2nd period - Stephane Da Costa wins face-off versus Scott Laughton in neutral zone.
19:28 of 2nd period - Off-side.
19:29 of 2nd period - Sebastian Wannstrom wins face-off versus Markus Granlund in neutral zone.
19:55 of 2nd period - Minor Penalty to Chris Lawrence for Hooking.
19:56 of 2nd period - Stephane Da Costa wins face-off versus Scott Laughton in Carnivores zone.
Goals for this period are 2 for Carnivores vs 4 for Senators.
Shots for this period are 12 for Carnivores vs 14 for Senators.
3rd period
0:01 of 3rd period - Stephane Da Costa wins face-off versus Scott Laughton in neutral zone.
0:04 of 3rd period - Snap shot by Stephane Da Costa.
0:04 of 3rd period - Goal by Stephane Da Costa - Carnivores : 3 - Senators : 8.
0:05 of 3rd period - Scott Laughton wins face-off versus Stephane Da Costa in neutral zone.
0:13 of 3rd period - Minor Penalty to Gabriel Bourque for Hooking.
0:14 of 3rd period - Scott Laughton wins face-off versus Blake Coleman in Senators zone.
2:02 of 3rd period - Slapshot by Jeremy Welsh.
2:02 of 3rd period - Shot Misses the Net.
2:04 of 3rd period - Slapshot by Mat Clark.
2:04 of 3rd period - Deflect By Jeremy Welsh.
2:04 of 3rd period - Shot Blocked by Olli Maatta.
2:04 of 3rd period - Puck is out of play.
2:05 of 3rd period - Stephane Da Costa wins face-off versus Scott Laughton in Senators zone.
2:13 of 3rd period - Penalty to Gabriel Bourque is over, Gabriel Bourque is back on ice.
2:26 of 3rd period - Snap shot by Zack Smith.
2:26 of 3rd period - Deflect By Mark McNeill.
2:26 of 3rd period - Shot Blocked by Nick Foligno.
2:26 of 3rd period - Puck is out of play.
2:27 of 3rd period - Scott Laughton wins face-off versus Tommy Wingels in Senators zone.
2:40 of 3rd period - Snap shot by Nick Foligno.
2:40 of 3rd period - Shot Blocked by Nikita Alexeev.
2:42 of 3rd period - Slapshot by Samuel Morin.
2:42 of 3rd period - Shot Misses the Net.
2:54 of 3rd period - Slapshot by Olli Maatta.
2:54 of 3rd period - Deflect By Andy Andreoff.
2:54 of 3rd period - Stopped by Niklas Svedberg with a rebound.
2:56 of 3rd period - Wrist shot by Grant Besse.
2:56 of 3rd period - Stopped by Niklas Svedberg with a rebound.
2:58 of 3rd period - Wrist shot by Grant Besse.
2:58 of 3rd period - Shot Misses the Net.
3:00 of 3rd period - Backhand shot by Arturs Kulda.
3:00 of 3rd period - Shot Blocked by Nikita Alexeev.
3:02 of 3rd period - Wrist shot by Chandler Stephenson.
3:02 of 3rd period - Shot Misses the Net.
3:04 of 3rd period - Slapshot by Arturs Kulda.
3:04 of 3rd period - Stopped by Niklas Svedberg with a rebound.
3:10 of 3rd period - Minor Penalty to Scott Laughton for High sticking.
3:11 of 3rd period - Stephane Da Costa wins face-off versus Mark McNeill in Carnivores zone.
3:14 of 3rd period - Snap shot by Stephane Da Costa.
3:14 of 3rd period - Stopped by Niklas Svedberg with a rebound.
3:16 of 3rd period - Wrist shot by Stephane Da Costa.
3:16 of 3rd period - Shot Misses the Net.
3:26 of 3rd period - Nate Schmidt is hit by Arturs Kulda and loses puck.
3:42 of 3rd period - Slapshot by Tomas Jurco.
3:42 of 3rd period - Shot Misses the Net.
3:44 of 3rd period - Slapshot by Samuel Morin.
3:44 of 3rd period - Deflect By Nick Foligno.
3:44 of 3rd period - Stopped by Niklas Svedberg with a rebound.
3:46 of 3rd period - Wrist shot by Tomas Jurco.
3:46 of 3rd period - Shot Misses the Net.
4:02 of 3rd period - Minor Penalty to Markus Granlund for Hooking.
4:03 of 3rd period - Stephane Da Costa wins face-off versus Mark McNeill in Carnivores zone.
4:04 of 3rd period - Slapshot by Gabriel Bourque.
4:04 of 3rd period - Shot Blocked by David Fischer.
4:16 of 3rd period - Snap shot by Stephane Da Costa.
4:16 of 3rd period - Stopped by Niklas Svedberg without a rebound.
4:17 of 3rd period - Mark McNeill wins face-off versus Stephane Da Costa in Carnivores zone.
4:17 of 3rd period - Mark McNeill is hit by Stephane Da Costa.
4:43 of 3rd period - Mark McNeill is hit by Olli Maatta and loses puck.
5:10 of 3rd period - Penalty to Scott Laughton is over, Scott Laughton is back on ice.
6:02 of 3rd period - Penalty to Markus Granlund is over, Markus Granlund is back on ice.
6:17 of 3rd period - Hunter Shinkaruk is hit by Zemgus Girgensons and loses puck.
6:28 of 3rd period - Slapshot by Grant Besse.
6:28 of 3rd period - Deflect By Andy Andreoff.
6:28 of 3rd period - Shot Misses the Net.
6:28 of 3rd period - Puck is out of play.
6:29 of 3rd period - Chandler Stephenson wins face-off versus Zack Smith in Carnivores zone.
6:41 of 3rd period - Wrist shot by Andy Andreoff.
6:41 of 3rd period - Stopped by Niklas Svedberg without a rebound.
6:42 of 3rd period - Stephane Da Costa wins face-off versus Scott Laughton in Carnivores zone.
6:56 of 3rd period - Gabriel Bourque is hit by Blake Geoffrion and loses puck.
7:29 of 3rd period - Wrist shot by Zemgus Girgensons.
7:29 of 3rd period - Shot Blocked by Nicolas Kerdiles.
7:35 of 3rd period - Wrist shot by Johannes Salmonsson.
7:35 of 3rd period - Shot Misses the Net.
8:49 of 3rd period - Mattias Backman is hit by Johannes Salmonsson and loses puck.
9:14 of 3rd period - Mark McNeill is hit by Arturs Kulda and loses puck.
9:43 of 3rd period - Blake Geoffrion is hit by Nick Foligno and loses puck.
9:48 of 3rd period - Wrist shot by Nick Foligno.
9:48 of 3rd period - Shot Misses the Net.
9:50 of 3rd period - Backhand shot by Keegan Lowe.
9:50 of 3rd period - Deflect By Nick Foligno.
9:50 of 3rd period - Shot Misses the Net.
9:50 of 3rd period - Puck is out of play.
9:51 of 3rd period - Stephane Da Costa wins face-off versus Elias Lindholm in Carnivores zone.
9:54 of 3rd period - Wrist shot by Gabriel Bourque.
9:54 of 3rd period - Shot Misses the Net.
9:56 of 3rd period - Slapshot by Gabriel Bourque.
9:56 of 3rd period - Stopped by Niklas Svedberg with a rebound.
9:58 of 3rd period - Slapshot by Dylan Blujus.
9:58 of 3rd period - Shot Blocked by David Fischer.
10:00 of 3rd period - Snap shot by Gabriel Bourque.
10:00 of 3rd period - Shot Blocked by David Fischer.
10:04 of 3rd period - Slapshot by Gabriel Bourque.
10:04 of 3rd period - Deflect By David Fischer.
10:04 of 3rd period - Shot Misses the Net.
10:04 of 3rd period - Puck is out of play.
10:05 of 3rd period - Stephane Da Costa wins face-off versus Scott Laughton in Carnivores zone.
10:30 of 3rd period - Jeremy Welsh is hit by Nick Foligno and loses puck.
10:50 of 3rd period - David Schlemko beats up Scott Harrington.
10:50 of 3rd period - Penalty to Scott Harrington for Fighting.
10:50 of 3rd period - Penalty to David Schlemko for Fighting.
10:50 of 3rd period - Penalty to David Schlemko for instigated a fight.
10:50 of 3rd period - Penalty to David Schlemko for instigated a fight.
10:51 of 3rd period - Scott Laughton wins face-off versus Stephane Da Costa in Carnivores zone.
10:57 of 3rd period - Icing by Stephane Da Costa.
10:58 of 3rd period - Scott Laughton wins face-off versus Stephane Da Costa in Senators zone.
11:25 of 3rd period - Snap shot by Nick Foligno.
11:25 of 3rd period - Shot Misses the Net.
11:34 of 3rd period - Snap shot by Tomas Jurco.
11:34 of 3rd period - Shot Misses the Net.
12:50 of 3rd period - Penalty to David Schlemko is over, Chris Lawrence is send on ice.
13:02 of 3rd period - Snap shot by Sebastian Wannstrom.
13:02 of 3rd period - Shot Blocked by Chris Lawrence.
13:08 of 3rd period - Sebastian Wannstrom is hit by Chris Lawrence and loses puck.
13:31 of 3rd period - Slapshot by Arturs Kulda.
13:31 of 3rd period - Stopped by Niklas Svedberg without a rebound.
13:32 of 3rd period - Elias Lindholm wins face-off versus Chandler Stephenson in Carnivores zone.
13:50 of 3rd period - David Fischer is hit by Nick Foligno and loses puck.
14:09 of 3rd period - Slapshot by Arturs Kulda.
14:09 of 3rd period - Deflect By Stephane Da Costa.
14:09 of 3rd period - Shot Misses the Net.
14:09 of 3rd period - Puck is out of play.
14:10 of 3rd period - Gabriel Bourque wins face-off versus Scott Laughton in Carnivores zone.
14:40 of 3rd period - Snap shot by Gabriel Bourque.
14:40 of 3rd period - Stopped by Niklas Svedberg without a rebound.
14:41 of 3rd period - Markus Granlund wins face-off versus Tommy Wingels in Carnivores zone.
14:43 of 3rd period - Minor Penalty to Markus Granlund for Hooking.
14:44 of 3rd period - Scott Laughton wins face-off versus Stephane Da Costa in Carnivores zone.
14:44 of 3rd period - Scott Laughton is hit by Stephane Da Costa.
14:55 of 3rd period - Wrist shot by Matt Frattin.
14:55 of 3rd period - Goal by Matt Frattin - Carnivores : 3 - Senators : 9.
14:56 of 3rd period - Scott Laughton wins face-off versus Stephane Da Costa in neutral zone.
15:05 of 3rd period - Snap shot by Nikita Alexeev.
15:05 of 3rd period - Stopped by Brad Thiessen without a rebound.
15:06 of 3rd period - Scott Laughton wins face-off versus Stephane Da Costa in Senators zone.
15:11 of 3rd period - Wrist shot by Blake Geoffrion.
15:11 of 3rd period - Shot Misses the Net.
15:21 of 3rd period - Snap shot by Arturs Kulda.
15:21 of 3rd period - Stopped by Niklas Svedberg with a rebound.
15:23 of 3rd period - Snap shot by Gabriel Bourque.
15:23 of 3rd period - Stopped by Niklas Svedberg without a rebound.
15:24 of 3rd period - Tomas Jurco wins face-off versus Markus Granlund in Carnivores zone.
15:25 of 3rd period - Wrist shot by Nick Foligno.
15:25 of 3rd period - Stopped by Niklas Svedberg without a rebound.
15:26 of 3rd period - Tommy Wingels wins face-off versus Markus Granlund in Carnivores zone.
16:01 of 3rd period - Snap shot by Stephane Da Costa.
16:01 of 3rd period - Shot Misses the Net.
16:03 of 3rd period - Snap shot by Stephane Da Costa.
16:03 of 3rd period - Deflect By Gabriel Bourque.
16:03 of 3rd period - Shot Misses the Net.
16:03 of 3rd period - Puck is out of play.
16:04 of 3rd period - Jeremy Welsh wins face-off versus Zemgus Girgensons in Carnivores zone.
16:09 of 3rd period - Johannes Salmonsson beats up Markus Granlund.
16:09 of 3rd period - Penalty to Johannes Salmonsson for Fighting.
16:09 of 3rd period - Penalty to Markus Granlund for Fighting.
16:09 of 3rd period - Penalty to Johannes Salmonsson for instigated a fight.
16:09 of 3rd period - Penalty to Johannes Salmonsson for instigated and being the aggresor in a fight.
16:09 of 3rd period - Johannes Salmonsson is ejected from game.
16:10 of 3rd period - Scott Laughton wins face-off versus Stephane Da Costa in Senators zone.
16:21 of 3rd period - Blake Geoffrion is hit by Olli Maatta and loses puck.
16:41 of 3rd period - Blake Coleman is hit by David Fischer and loses puck.
16:46 of 3rd period - Wrist shot by Jeremy Williams.
16:46 of 3rd period - Shot Misses the Net.
17:24 of 3rd period - Olli Maatta is hit by Jeremy Williams and loses puck.
18:09 of 3rd period - Penalty to Johannes Salmonsson is over, Grant Besse is send on ice.
18:21 of 3rd period - Snap shot by Gabriel Bourque.
18:21 of 3rd period - Stopped by Niklas Svedberg with a rebound.
18:39 of 3rd period - Slapshot by Phil Di Giuseppe.
18:39 of 3rd period - Shot Blocked by Jeremy Welsh.
18:41 of 3rd period - Slapshot by Sebastian Wannstrom.
18:41 of 3rd period - Shot Misses the Net.
19:15 of 3rd period - Tommy Wingels is hit by Blake Geoffrion and loses puck.
19:30 of 3rd period - Zemgus Girgensons is hit by Zack Smith and loses puck.
19:35 of 3rd period - Slapshot by Nicolas Kerdiles.
19:35 of 3rd period - Goal by Nicolas Kerdiles - Carnivores : 4 - Senators : 9.
19:36 of 3rd period - Scott Laughton wins face-off versus Stephane Da Costa in neutral zone.
19:39 of 3rd period - Slapshot by David Fischer.
19:39 of 3rd period - Stopped by Brad Thiessen with a rebound.
Goals for this period are 1 for Carnivores vs 2 for Senators.
Shots for this period are 3 for Carnivores vs 16 for Senators.
Back to the Top